 Dungeon Crawl Stone Soup version 0.30-a0-476-g330ca2eb8e (webtiles) character file.

Game seed: 1384688849407831429

4897 p00ps00p the Cleaver (level 10, -3/93 HPs)
             Began as a Hill Orc Fighter on Dec 21, 2022.
             Slain by a gnoll
             ... wielding a +2 vorpal spear
             ... led by a gnoll bouda
              (5 damage)
             ... on level 8 of the Dungeon.
             The game lasted 00:10:12 (7404 turns).

p00ps00p the Cleaver (Hill Orc Fighter)             Turns: 7404, Time: 00:10:13

Health: -3/93      AC: 14    Str: 24    XL:     10   Next: 51%
Magic:  10/10      EV:  8    Int:  8    God:
Gold:   354        SH: 11    Dex: 10    Spells: 9/9 levels left

rFire   . . .      SeeInvis .    a - +1 war axe (vamp)
rCold   + . .      Faith    .    c - +0 buckler
rNeg    . . .      Spirit   .    q - +2 chain mail
rPois   .          Reflect  +    (no helmet)
rElec   .          Harm     .    o - +0 cloak
rCorr   +          Rampage  .    (no gloves)
Will    .....                    (no boots)
Stlth   ..........               b - amulet of reflection
HPRegen 0.35/turn                j - ring of resist corrosion
MPRegen 0.12/turn                r - ring of protection from cold

@: lethally poisoned (-3 -> -12), slowed, very slow
A: no striking features
a: no special abilities


You were on level 8 of the Dungeon.
You visited 1 branch of the dungeon, and saw 8 of its levels.

You collected 354 gold pieces.

Inventory:

Hand Weapons
 a - a +1 vampiric war axe (weapon)
 f - a +2 whip of flaming
 y - the +9 short sword "Sumnabre" {speed, Will+}
   (You found it on level 6 of the Dungeon)

   Attacks with this weapon are significantly faster.
   Will:      It increases your willpower.
Armour
 c - a +0 buckler (worn)
 o - a +0 cloak (worn)
 q - a +2 chain mail (worn)
 x - a scarf of invisibility
Jewellery
 b - an amulet of reflection (around neck)
 h - a ring of flight
 j - a ring of resist corrosion (left hand)
 k - an amulet of magic regeneration
 r - a ring of protection from cold (right hand)
 u - an amulet of the acrobat
Wands
 t - a wand of paralysis (7)
 w - a wand of digging (4)
 z - a wand of roots (10)
Scrolls
 v - a scroll of silence
Potions
 d - 2 potions of degeneration
 e - 2 potions of ambrosia
 g - 2 potions of magic {unknown}
 i - a potion of brilliance {unknown}
 l - 3 potions of curing {unknown}
 m - 3 potions of lignification
 n - 3 potions of cancellation {unknown}
 p - 4 potions of haste {unknown}
 A - a potion of might


   Skills:
 + Level 9.8 Fighting
 + Level 10.3 Axes
 + Level 9.0 Armour
 + Level 9.0 Shields


You had 9 spell levels left.
You didn't know any spells.
Your spell library contained the following spells:

 Spells                   Type           Power      Damage    Failure   Level
 Freeze                   Ice            0%         1d3       96%         1
 Frozen Ramparts          Ice            0%         1d1       100%        3
 Hailstorm                Conj/Ice       0%         3d3       100%        3
 Anguish                  Hex/Necr       0%         N/A       100%        4
 Enfeeble                 Hex            0%         N/A       100%        7


Dungeon Overview and Level Annotations

Branches:
Dungeon (8/15)             Temple (0/1) D:7
   Lair: D:8-11

Altars:
Sif Muna
Xom

Annotations:
D:5 2 transporters, osoart's ghost, novice TrEE


Message History

You destroy the wraith!
You barely miss the wraith.
You feel very sick. The gnoll hits you but does no damage.
The gnoll hits you from afar with a +2 spear of venom.
* * * LOW HITPOINT WARNING * * *
You are more poisoned.
The wraith hits you.
* * * LOW HITPOINT WARNING * * *
The wraith drains your vigour!
You feel as though you will be slow longer.
You block the gnoll's attack. x2; The wraith closely misses you.
Your Armour skill increases to level 9!
You are confused.
You feel invigorated.
* * * LOW HITPOINT WARNING * * *
You feel extremely sick.
The gnoll barely misses you. x2; The wraith hits you.
* * * LOW HITPOINT WARNING * * *
You feel less invigorated.
You feel less confused.
You feel very sick. You block the gnoll's attack. x2
The gnoll hits you from afar with a +2 spear of venom.
* * * LOW HITPOINT WARNING * * *
You are lethally poisoned!
The gnoll hits you but does no damage. The wraith barely misses you.
You barely miss the gnoll. You closely miss the wraith.
* * * LOW HITPOINT WARNING * * *
You feel extremely sick. The gnoll hits you but does no damage.
The gnoll closely misses you. The wraith barely misses you.
Unknown command.
You closely miss the gnoll. You hit the wraith.
* * * LOW HITPOINT WARNING * * *
You feel very sick. The gnoll closely misses you. You block the gnoll's attack.
The wraith completely misses you.
The gnoll hits you with a +2 vorpal spear.
You die...

#. ##... #. ....
##.##...
##..#...#
#...#...# .#
#...#)g.#....
#...#)(......
#..g@W# ##....#
##..##.#..#
#.........##
#......#...####.
##...#.#........
#######.......#
#..........
###........


You could see a wraith and 2 gnolls.

Vanquished Creatures
  An ugly thing (D:7)
  Grinder (D:3)
  A wraith (D:8)
  A water moccasin (D:8)
  An orc warrior (D:7)
  3 sky beasts
  2 hornet zombies (D:7)
  An ice beast (D:7)
  A black bear (D:7)
  An ogre (D:4)
  3 centaurs
  2 kobold brigands (D:8)
  2 phantoms
  A bullfrog (D:7)
  5 wyvern zombies (D:7)
  3 necrophages
  A gnoll sergeant (D:7)
  4 scorpions
  A water moccasin zombie (D:7)
  18 wights (D:7)
  A howler monkey (D:6)
  2 centaur zombies (D:7)
  2 bullfrog zombies (D:7)
  7 hounds
  An orc priest (D:3)
  2 jellies
  A gnoll bouda (D:8)
  Natasha (thrice) (D:3)
  4 orc wizards
  2 killer bee zombies (D:7)
  2 howler monkey zombies (D:7)
  4 gnolls
  2 adders
  A shadow imp (D:7)
  2 white imps
  2 ufetubi
  A worm (D:4)
  2 dart slugs (D:2)
  16 orcs
  4 ball pythons
  8 endoplasms
  4 goblins
  4 hobgoblins
  13 jackals
  11 kobolds
  3 quokkas
  3 bats
  5 frilled lizards
  10 rats
175 creatures vanquished.

Vanquished Creatures (others)
  7 plants (D:7)
  5 withered plants (D:7)
12 creatures vanquished.

Grand Total: 187 creatures vanquished

Notes
Turn   | Place    | Note
-------+----------+-------------------------------------------
     0 | D:1      | p00ps00p the Hill Orc Fighter began the quest for the Orb.
     0 | D:1      | Reached XP level 1. HP: 19/19 MP: 1/1
   367 | D:1      | Reached skill level 3 in Axes
   367 | D:1      | Reached XP level 2. HP: 27/27 MP: 2/2
   884 | D:2      | Reached XP level 3. HP: 33/33 MP: 3/3
  1105 | D:2      | Found a faded altar of an unknown god.
  1580 | D:3      | Reached XP level 4. HP: 40/40 MP: 4/4
  1656 | D:3      | Noticed Grinder
  1656 | D:3      | Paralysed by Grinder for 2 turns
  1666 | D:3      | Paralysed by Grinder for 5 turns
  1672 | D:3      | Killed Grinder
  1673 | D:3      | Reached skill level 5 in Fighting
  1673 | D:3      | Reached skill level 4 in Axes
  1673 | D:3      | Reached XP level 5. HP: 12/48 MP: 5/5
  1673 | D:3      | Reached XP level 6. HP: 14/56 MP: 6/6
  2105 | D:3      | Reached skill level 5 in Axes
  2443 | D:3      | Noticed Natasha
  2460 | D:3      | Killed Natasha
  2626 | D:3      | Noticed Natasha
  2631 | D:3      | Killed Natasha
  2648 | D:3      | Noticed Natasha
  2653 | D:3      | Killed Natasha
  2654 | D:3      | Reached skill level 5 in Armour
  2654 | D:3      | Reached skill level 5 in Shields
  2778 | D:4      | Reached XP level 7. HP: 49/61 MP: 7/7
  3108 | D:4      | Found a shimmering blue altar of Sif Muna.
  3241 | D:5      | Entered Level 5 of the Dungeon
  3320 | D:5      | Noticed osoart's ghost (novice TrEE)
  3411 | D:5      | Found a transporter.
  3415 | D:5      | Found a transporter.
  3493 | D:5      | Reached skill level 6 in Axes
  3663 | D:5      | Found a shimmering altar of Xom.
  3772 | D:5      | Reached XP level 8. HP: 65/71 MP: 8/8
  4120 | D:6      | Identified the +1 robe of Mehutto {rC+}
  4144 | D:6      | Reached skill level 7 in Axes
  4375 | D:6      | Identified the +9 short sword "Sumnabre" {speed, Will+}
  4474 | D:7      | Reached XP level 9. HP: 33/79 MP: 9/9
  4610 | D:7      | Reached skill level 8 in Axes
  5284 | D:7      | Reached skill level 9 in Axes
  5822 | D:7      | Reached XP level 10. HP: 80/90 MP: 10/10
  6203 | D:7      | Found a staircase to the Ecumenical Temple.
  6501 | D:7      | Noticed an eight-headed hydra
  6501 | D:7      | Noticed a cyan ugly thing
  6606 | D:7      | Killed a cyan ugly thing
  6607 | D:7      | Reached skill level 10 in Axes
  7404 | D:8      | HP: 2/93 [poisoned by a gnoll]
  7404 | D:8      | Slain by a gnoll

Illustrated notes

Levels and vault maps discovered:
D:1:      shiori_shiawase, layout_basic, minivault_19
D:2:      layout_basic, ebering_ecumenical_altar_petrified,
          dreamdust_princess_corridor, corexii_leaking_fountain,
          grunt_decor_junction
D:3:      layout_basic, uniq_natasha, uniq_grinder
D:4:      layout_rooms, marbit_many_paths
D:5:      layout_loops_cross, mainiacjoe_overflow_alcove_2,
          gammafunk_ghost_hive, minmay_misc_feat_tiny
D:6:      layout_rooms
D:7:      nzn_winding_woodlands_three_and_one
          [nzn_winding_woodlands_5x15_split_checker,
          nzn_winding_woodlands_5x15_eye, nzn_winding_woodlands_5x15_garden,
          nzn_winding_woodlands_center_lodge], layout_loops_ring, temple_hall,
          serial_undead, serial_undead_a, serial_undead_b, serial_undead_d,
          serial_undead_a, serial_undead_e, serial_undead_a, serial_undead_b,
          serial_undead_c
D:8:      layout_cave_pools, gammafunk_ghost_split, minmay_radiant

Skill      XL: |  1  2  3  4  5  6  7  8  9 10 |
---------------+-------------------------------+-----
Axes           | 3 4 5 6 7 9 10 | 10.3
Fighting       | 4 5 6 7 9 |  9.8
Armour         | 4 5 6 8 9 |  9.0
Shields        | 4 5 6 8 9 |  9.0

Action                   |  1- 3 |  4- 6 |  7- 9 | 10-12 || total
-------------------------+-------+-------+-------+-------++-------
Melee: War axe           |    95 |    66 |   304 |   113 ||   578
       Short sword       |       |       |    26 |       ||    26
       Whip              |       |       |       |     2 ||     2
Evoke: Wand              |       |       |       |     6 ||     6
  Use: Scroll            |     6 |     1 |     9 |     5 ||    21
       Potion            |       |     1 |     2 |     6 ||     9
 Stab: Invisible         |       |       |     2 |       ||     2
Armor: Scale mail        |    44 |    26 |       |       ||    70
       Chain mail        |       |    19 |   155 |    67 ||   241
Dodge: Dodged            |    46 |    34 |    94 |    56 ||   230
Block: Buckler           |    28 |    20 |   173 |    90 ||   311
       Reflection        |       |       |       |     7 ||     7

Table legend: (Time is in decaauts)
 A = Elapsed time spent in this place.
 B = Non-inter-level travel time spent in this place.
 C = Inter-level travel time spent in this place.
 D = Time resting spent in this place.
 E = Time spent auto-exploring this place.
 F = Levels seen in this place.
 G = Mean time per level.
                   A        B        C        D        E       F      G
               +--------+--------+--------+--------+--------+-----+--------+
         Total |   7523 |   7399 |    124 |   1475 |   4553 |   8 |  940.4 |
       Dungeon |   7523 |   7399 |    124 |   1475 |   4553 |   8 |  940.4 |
               +--------+--------+--------+--------+--------+-----+--------+

Top non-repeatable levels by time:
     D:7: 2674 daAuts
     D:3: 1184 daAuts
     D:1: 852 daAuts
     D:2: 753 daAuts
     D:5: 681 daAuts
     D:4: 518 daAuts
     D:6: 498 daAuts
     D:8: 360 daAuts
